 Dungeon Crawl Stone Soup version 0.19.4-12-gccf7e64 (webtiles) character file.

179 volk64 the Insei (level 5, -14/33 HPs)
             Began as an Octopode Transmuter on Feb 27, 2017.
             Demolished by an orc warrior
             ... wielding a +0 halberd
              (21 damage)
             ... on level 4 of the Dungeon.
             The game lasted 00:17:27 (3333 turns).

volk64 the Insei (Octopode Transmuter)              Turns: 3333, Time: 00:17:28

Health: -14/33     AC:  2    Str: 10    XL:     5   Next: 59%
Magic:  7/9        EV: 20    Int: 18    God:
Gold:   251        SH:  0    Dex: 17    Spells: 3 memorised, 4 levels left

rFire  . . .     SeeInvis .       - Unarmed
rCold  . . .     Gourm    .     (shield currently unavailable)
rNeg   . . .     Faith    .     (helmet currently unavailable)
rPois  x         Spirit   .     (no amulet)
rElec  .         Reflect  .     f - +2 ring of intelligence
rCorr  .         Harm     .     (no ring)
MR     .....                    (no ring)
Stlth  +++.......               (no ring)
                                (no ring)
                                (no ring)
                                (no ring)
                                (no ring)

@: spider-form (expiring)
A: almost no armour, stealthy swim, (amphibious), 8 rings, (constrict 8), (slimy
green scales 0), (camouflage 0), (gelatinous body 0), evolution 1, MP-powered
wands
a: End Transformation


You were on level 4 of the Dungeon.
You were not hungry.
You were a venomous arachnid creature.
You visited 1 branch of the dungeon, and saw 4 of its levels.

You collected 251 gold pieces.

Inventory:

Hand Weapons
 k - a +2 short sword of freezing (melded)
Missiles
 a - 12 arrows
Jewellery
 f - a +2 ring of intelligence (left front leg)
 i - a cursed ring of positive energy
 s - an uncursed ring of ice
Scrolls
 e - 3 scrolls of immolation
 j - 3 scrolls of teleportation
 m - 2 scrolls of remove curse
 q - a scroll of identify
 r - a scroll of noise {unknown}
Potions
 d - a potion of might
 l - 2 potions of flight
 n - a potion of brilliance
Books
 b - a book of Changes

   Spells                             Type                      Level
   a - Beastly Appendage              Transmutation                1
   b - Sticks to Snakes               Transmutation                2
   c - Spider Form                    Transmutation/Poison         3
   d - Ice Form                       Ice/Transmutation            4
   e - Blade Hands                    Transmutation                5
Comestibles
 c - 2 bread rations
 g - 2 meat rations
 h - a slice of pizza
 o - 2 royal jellies
 p - 2 chunks of flesh


   Skills:
 + Level 1.1 Fighting
 + Level 1.0 Short Blades
 + Level 2.1 Dodging
 + Level 3.5 Stealth
 + Level 3.9 Unarmed Combat
 + Level 3.0 Spellcasting
 + Level 2.6 Transmutations
 + Level 1.0 Poison Magic


You had 4 spell levels left.
You knew the following spells:

 Your Spells              Type           Power        Failure   Level  Hunger
a - Beastly Appendage     Tmut           ##....       21%         1    None
b - Sticks to Snakes      Tmut           ##......     28%         2    ##.....
c - Spider Form           Tmut/Pois      #.........   45%         3    ###....


Dungeon Overview and Level Annotations

Branches:
Dungeon (4/15)
 Temple: D:4-7

Altars:

Shops:
D:4 }


Innate Abilities, Weirdness & Mutations

You cannot wear most types of armour.
You are very stealthy in the water. (Stealth+)
((You are amphibious.))
You can wear up to eight rings at the same time.
((You can use your tentacles to constrict eight enemies at once.))
((Your skin changes colour to match your surroundings (Stealth+).))
((Your rubbery body absorbs attacks. (AC +1, EV +1)))
((You are partially covered in slimy green scales. (AC +2)))
You evolve.
You expend magic power (3 MP) to strengthen your wands.


Message History

a dagger of electrocution; a mace; an orc corpse x2
You barely miss the orc warrior. The orc warrior barely misses you.
You hit the orc warrior but do no damage.
The orc warrior is poisoned.
Your transformation is almost over.
You hit the orc warrior.
The orc warrior looks as sick as possible!
The orc warrior is moderately wounded.
The orc warrior hits you with a halberd.
* * * LOW HITPOINT WARNING * * *
You hit the orc warrior but do no damage.
The orc warrior looks as sick as possible!
The orc warrior is moderately wounded.
The orc warrior misses you.
You hit the orc warrior but do no damage.
The orc warrior looks as sick as possible!
The orc warrior is heavily wounded.
The orc warrior hits you with a halberd!!
Ouch! That really hurt!
You die...

.. .. ##. .# ##<.
.. # ... .###.#
##. ..#.(... ..$..
..... #.... #o.#
###....##s)#
......##$.# #
#........#.####
#..............
#.......##.#<#.
#.......# .#
##########.......#
#
..............>..#
.................#


You could see an orc warrior.

Vanquished Creatures
  A scorpion (D:4)
  Terence (D:2)
  An adder (D:3)
  2 oozes (D:3)
  3 dart slugs
  A leopard gecko (D:1)
  9 orcs
  6 giant cockroaches
  6 goblins
  4 hobgoblins
  3 jackals (D:1)
  9 bats
  9 frilled lizards
  9 kobolds
  14 rats
78 creatures vanquished.

Notes
Turn   | Place    | Note
-------+----------+-------------------------------------------
     0 | D:1      | volk64 the Octopode Transmuter began the quest for the Orb.
     0 | D:1      | Reached XP level 1. HP: 13/13 MP: 3/3
   489 | D:1      | Reached XP level 2. HP: 15/18 MP: 3/5
   493 | D:1      | Learned a level 2 spell: Sticks to Snakes
   822 | D:1      | Reached skill level 1 in Stealth
   918 | D:1      | Reached XP level 3. HP: 21/23 MP: 4/6
   923 | D:1      | Learned a level 3 spell: Spider Form
  1259 | D:1      | Gained mutation: You evolve. [potion of beneficial mutation]
  1262 | D:1      | Gained mutation: You are partially covered in slimy green scales. (AC +2) [potion of beneficial mutation]
  1982 | D:2      | Noticed Terence
  1991 | D:2      | Killed Terence
  1991 | D:2      | Reached XP level 4. HP: 15/28 MP: 3/8
  2250 | D:2      | Gained mutation: You expend magic power (3 MP) to strengthen your wands. [evolution]
  2830 | D:3      | Reached XP level 5. HP: 22/33 MP: 2/9
  3284 | D:4      | Found Sajijocu's Gadget Shop.
  3316 | D:4      | Noticed an orc warrior
  3327 | D:4      | Reached skill level 1 in Short Blades
  3327 | D:4      | Reached skill level 1 in Poison Magic
  3333 | D:4      | Demolished by an orc warrior

Skill      XL: |  1  2  3  4  5 |
---------------+----------------+-----
Stealth        | 1 2 3 |  3.5
Short Blades   | 1 |  1.0
Spellcasting   | 3 |  3.0
Poison Magic   | 1 |  1.0
Fighting       | |  1.1
Dodging        | |  2.1
Unarmed Combat | |  3.9
Transmutations | |  2.6

Action                   |  1- 3 |  4- 6 || total
-------------------------+-------+-------++-------
Melee: Unarmed           |    65 |    33 ||    98
       Constrict         |    18 |     4 ||    22
       Kick              |    14 |       ||    14
       Tentacles         |    11 |     1 ||    12
       Punch             |     1 |       ||     1
       Short sword       |    20 |    28 ||    48
 Cast: Beastly Appendage |    17 |     9 ||    26
       Spider Form       |     8 |     6 ||    14
  Use: Potion            |     8 |     2 ||    10
       Scroll            |     5 |     4 ||     9
 Stab: Sleeping          |     8 |    12 ||    20
  Eat: Chunk             |     5 |       ||     5
       Bread ration      |       |     1 ||     1
Armor: Skin              |     3 |     3 ||     6
Dodge: Dodged            |    47 |    34 ||    81
